 Dungeon Crawl Stone Soup version 0.31.0-32-g396128a36d (webtiles) character file.

Game seed: 3119370536163478393

62 mparten the Conjurer (level 3, -5/19 HPs)
             Began as a Deep Elf Conjurer on Mar 31, 2024.
             Slain by Robin
             ... wielding a +0 trident
              (8 damage)
             ... on level 2 of the Dungeon.
             The game lasted 00:03:32 (1625 turns).

mparten the Conjurer (Deep Elf Conjurer)            Turns: 1625, Time: 00:03:33

Health: -5/19      AC:  2    Str:  4    XL:     3   Next: 85%
Magic:  6/10       EV: 12    Int: 24    God:
Gold:   101        SH:  0    Dex: 13    Spells: 7/10 levels left

rFire   . . .        k - staff of conjuration
rCold   . . .        (no shield)
rNeg    . . .        a - +0 robe
rPois   .            (no helmet)
rElec   .            (no cloak)
rCorr   .            (no gloves)
SInv    .            (no boots)
Will    .....        (no amulet)
Stlth   ++           (no ring)
HPRegen 0.23/turn    (no ring)
MPRegen 0.12/turn

%: no passive effects
@: no status effects
A: no striking features
a: no special abilities


You were on level 2 of the Dungeon.
You visited 1 branch of the dungeon, and saw 2 of its levels.

You collected 101 gold pieces.

Inventory:

Hand Weapons
 g - a +0 short sword
Armour
 a - a +0 robe (worn)
Magical Staves
 k - a staff of conjuration (weapon)
Jewellery
 h - an amulet of reflection
Scrolls
 c - 3 scrolls of brand weapon {unknown}
 e - 2 scrolls of immolation {unknown}
 f - 3 scrolls of identify {unknown}
 j - a scroll of noise {unknown}
 l - a scroll of silence {unknown}
Potions
 d - a potion of invisibility {unknown}
 i - a potion of heal wounds {unknown}
 m - a potion of brilliance {unknown}


   Skills:
 + Level 3.0 Dodging
 - Level 2.4 Stealth
 * Level 4.2 Spellcasting
 * Level 5.2 Conjurations


You had 7 spell levels left.
You knew the following spells:

 Your Spells              Type           Power      Damage    Failure   Level
a - Magic Dart            Conj           100%       1d8       1%          1
b - Searing Ray           Conj           90%        2d7       1%          2

Your spell library contained the following spells:

 Spells                   Type           Power      Damage    Failure   Level
 Lesser Beckoning         Tloc           10%        N/A       14%         2
 Gell's Gravitas          Tloc           5%         N/A       28%         3
 Teleport Other           Tloc           5%         N/A       28%         3
 Fulminant Prism          Conj/Alch      13%        3d9       32%         4
 Iskenderun's Mystic Bla  Conj/Tloc      26%        2d7       32%         4


Dungeon Overview and Level Annotations

Branches:
Dungeon (2/15)

Altars:

Annotations:
D:2 Robin


Message History

You now have 1/10 mp.
You feel a surge of power!
The magic dart hits Robin.
Robin is moderately wounded.
A hobgoblin comes into view.
A goblin comes into view. It is wielding a +0 dagger.
You now have 0/10 mp.
Magic courses through your body.
MP restored: 10 You feel a surge of power!
The magic dart hits Robin.
Robin is heavily wounded.
The hobgoblin shouts!
The goblin shouts!
Robin throws the goblin at you! The goblin hits you with a +0 club.
You take 4 damage, and have 15/19 hp.
MASSIVE DAMAGE!!
You now have 9/10 mp.
You feel a surge of power!
The magic dart hits the goblin!
You kill the goblin!
A goblin comes into view. It is wielding a +0 club.
Robin throws the goblin at you!
You now have 8/10 mp.
You feel a surge of power!
The magic dart hits the goblin.
You kill the goblin!
Robin throws the goblin at you! The goblin hits you with a +0 dagger.
You take 2 damage, and have 14/19 hp.
You now have 7/10 mp.
You feel a surge of power!
The magic dart hits the goblin!
You kill the goblin!
Robin throws the goblin at you! The goblin closely misses you.
You now have 6/10 mp.
You feel a surge of power!
The magic dart hits the goblin.
The goblin is moderately wounded.
Robin hits you from afar with a +0 trident.
The goblin hits you with a +0 club.
You take 6 damage, and have 8/19 hp.
MASSIVE DAMAGE!!
You now have 5/10 mp.
You are too injured to fight recklessly!
You closely miss the goblin.
The goblin is moderately wounded.
Robin hits you from afar with a +0 trident.
* * * LOW HITPOINT WARNING * * *
The goblin barely misses you.
Robin hits you from afar with a +0 trident!
You die...
Robin calls out, "Let's celebrate!
Time for a feast!"

.............#
...##.###....#
...##...#....#
...##.###....#
..(##.# #.####
......# #....#
....#.# ####.#
....#.#
#.#######
....#.#
#.>.g@).#
.....)#
#######gg....
....#.# ##
..... ..#.#.#
.# ))..
..#.#.###.#
)).
.##.......# ..
.####.##.....
. .. .#
#.##.#### #.
.# #.##.# ####
#.


You could see Robin and 2 goblins.

Vanquished Creatures
  An adder (D:2)
  3 ribbon worms (D:2)
  A dart slug (D:2)
  4 ball pythons
  6 bats
  2 endoplasms (D:2)
  10 goblins
  5 hobgoblins
  3 kobolds (D:1)
  A quokka (D:1)
  6 rats
42 creatures vanquished.

Notes
Turn   | Place    | Note
-------+----------+-------------------------------------------
     0 | D:1      | mparten the Deep Elf Conjurer began the quest for the Orb.
     0 | D:1      | Reached XP level 1. HP: 10/10 MP: 6/6
   183 | D:1      | Reached XP level 2. HP: 8/15 MP: 4/8
   900 | D:1      | Learned a level 2 spell: Searing Ray
  1100 | D:2      | Reached XP level 3. HP: 19/19 MP: 3/10
  1216 | D:2      | Reached skill level 5 in Conjurations
  1614 | D:2      | Noticed Robin
  1625 | D:2      | Slain by Robin

Illustrated notes

Levels and vault maps discovered:
D:1:      orjb1_lava_funnel, layout_loops_ring, serial_bayou,
          serial_bayou_lake_a, serial_bayou_pond_c, serial_bayou_lagoon_b,
          serial_bayou_pond_d, minmay_statues_item, minivault_25
D:2:      layout_basic, uniq_robin

Skill      XL: |  1  2  3 |
---------------+----------+-----
Spellcasting   | 4 |  4.2
Conjurations   | 5 |  5.2
Dodging        | 3 |  3.0
Stealth        | |  2.4

Action                     || total
---------------------------++-------
  Melee: Staff             ||    10
         Short sword       ||     2
   Cast: Magic Dart        ||    87
    Use: Potion            ||     1
 Armour: Robe              ||    19
  Dodge: Dodged            ||    18
